 Dungeon Crawl Stone Soup version 0.29-a0-284-gf9362112df (webtiles) character file.

Game seed: 14406596683773757095

70366 Tocho the Fencer (level 14, -13/145 HPs)
             Began as a Minotaur Gladiator on Mar 15, 2022.
             Was the Champion of Makhleb.
             Killed from afar by an acid blob (35 damage)
             ... with a splash of acid
             ... on level 5 of the Lair of Beasts.
             The game lasted 01:06:51 (23133 turns).

Tocho the Fencer (Minotaur Gladiator)              Turns: 23133, Time: 01:06:53

Health: -13/145    AC:  1    Str: 29    XL:     14   Next: 93%
Magic:  17/17      EV: 18    Int:  8    God:    Makhleb [******]
Gold:   1547       SH:  5    Dex: 14    Spells: 13/13 levels left

rFire   + . .      SeeInvis .   C - +8 long sword of Synant {venom, +Blink rF+ Will+ Str+2}
rCold   + . .      Faith    .   (no shield)
rNeg    . . .      Spirit   .   B - +6 scale mail {rPois}
rPois   +          Reflect  +   K - +2 hat {Int+3}
rElec   .          Harm     .   z - +0 cloak "Sokud" {rC+ Slay+2}
rCorr   .          Rampage  .   r - +2 pair of gloves {Dex+3}
Will    ++...      Rage     1%  (no boots)
Stlth   ..........              h - amulet of reflection
HPRegen 0.34/turn               i - +4 ring of evasion
MPRegen 0.15/turn               P - +6 ring of strength

@: corroded
A: horns 2, retaliatory headbutt, berserk 1, clumsy 1, robust 1, weak 1
a: Renounce Religion, Evoke Blink, Minor Destruction, Lesser Servant of Makhleb,
Major Destruction, Greater Servant of Makhleb


You were on level 5 of the Lair of Beasts.
You worshipped Makhleb.
Makhleb was exalted by your worship.
You visited 4 branches of the dungeon, and saw 21 of its levels.
You also visited: Volcano.

You collected 1897 gold pieces.
You spent 350 gold pieces at shops.

Inventory:

Hand Weapons
 a - a +1 trident of draining
 q - a +3 great sword of flaming
 C - the +8 long sword of Synant (weapon) {venom, +Blink rF+ Will+ Str+2}
   (You found it on level 5 of the Dungeon)

   It poisons the flesh of those it strikes.
   Str:       It affects your strength (+2).
   rF:        It protects you from fire.
   +Blink:    It lets you blink.
   Will:      It increases your willpower.
 V - the +3 flail of Infinity {chaos, rElec rPois Str+4}
   (You found it on level 1 of the Lair of Beasts)

   Each time it hits an enemy it has a different, random effect.
   Str:       It affects your strength (+4).
   rElec:     It insulates you from electricity.
   rPois:     It protects you from poison.
Missiles
 e - a throwing net (quivered)
 k - 13 boomerangs
 x - 9 atropa-tipped darts
 J - 36 poisoned darts
 M - a javelin
Armour
 r - a +2 pair of gloves of dexterity (worn)
 z - the +0 cloak "Sokud" (worn) {rC+ Slay+2}
   (You acquired it on level 4 of the Lair of Beasts)

   Slay:      It affects your accuracy & damage with ranged weapons and melee
   (+2).
   rC:        It protects you from cold.
 B - a +6 scale mail of poison resistance (worn)
 K - a +2 hat of intelligence (worn)
 W - a +2 cloak of fire resistance
Jewellery
 c - an amulet of faith
 g - a ring of wizardry
 h - an amulet of reflection (around neck)
 i - a +4 ring of evasion (left hand)
 D - a ring of positive energy
 P - a +6 ring of strength (right hand)
 Q - an amulet of regeneration
Wands
 d - a wand of iceblast (9)
 m - a wand of mindburst (26)
 o - a wand of acid (22)
 p - a wand of polymorph (22)
 u - a wand of flame (18)
 E - a wand of digging (12)
 Z - a wand of paralysis (9)
Scrolls
 b - 2 scrolls of blinking
 f - 9 scrolls of fog
 n - 6 scrolls of amnesia
 t - 2 scrolls of fear
 v - a scroll of immolation
 y - 2 scrolls of magic mapping
 G - a scroll of torment
 H - a scroll of enchant armour
 O - a scroll of enchant weapon
 R - a scroll of teleportation
Potions
 j - 4 potions of curing
 l - 6 potions of brilliance
 s - 2 potions of flight
 w - a potion of ambrosia
 A - a potion of magic
 F - 2 potions of attraction
 I - a potion of heal wounds
 L - a potion of invisibility
 N - a potion of lignification
 U - 2 potions of cancellation
Miscellaneous
 S - a tin of tremorstones (2/2)


   Skills:
 + Level 14.0 Fighting
 - Level 18.3 Long Blades
 - Level 14.2 Maces & Flails
 - Level 9.7 Polearms
 - Level 3.2 Throwing
 + Level 10.1 Armour
 + Level 7.7 Dodging
 * Level 5.6 Invocations


You had 13 spell levels left.
You didn't know any spells.
Your spell library contained the following spells:

 Spells                   Type           Power      Damage    Failure   Level
 Apportation              Tloc           0%         N/A       63%         1
 Foxfire                  Conj/Fire      0%         2x1d4     63%         1
 Freeze                   Ice            0%         1d3       63%         1
 Magic Dart               Conj           0%         1d3       63%         1
 Summon Small Mammal      Summ           0%         N/A       63%         1
 Call Imp                 Summ           0%         N/A       77%         2
 Ensorcelled Hibernation  Hex/Ice        0%         N/A       77%         2
 Passwall                 Tmut/Erth      0%         N/A       77%         2
 Sublimation of Blood     Necr           0%         N/A       77%         2
 Wereblood                Tmut           0%         N/A       77%         2
 Call Canine Familiar     Summ           0%         N/A       94%         3
 Conjure Flame            Conj/Fire      0%         6-21      94%         3
 Dazzling Flash           Conj/Hex       0%         N/A       94%         3
 Frozen Ramparts          Ice            0%         1d2       94%         3
 Inner Flame              Hex/Fire       0%         N/A       94%         3
 Mephitic Cloud           Conj/Pois/Air  0%         N/A       94%         3
 Portal Projectile        Hex/Tloc       0%         N/A       94%         3
 Summon Guardian Golem    Hex/Summ       0%         N/A       94%         3
 Swiftness                Air            0%         N/A       94%         3
 Flame Wave               Conj/Fire      0%         2d4       100%        4
 Hailstorm                Conj/Ice       0%         3d3       100%        4
 Agony                    Necr           0%         N/A       100%        5
 Alistair's Intoxication  Tmut/Pois      0%         N/A       100%        5
 Blade Hands              Tmut           0%         N/A       100%        5
 Excruciating Wounds      Necr           0%         N/A       100%        5
 Silence                  Hex/Air        0%         N/A       100%        5
 Summon Hydra             Summ           0%         N/A       100%        7


Dungeon Overview and Level Annotations

Branches:
Dungeon (13/15)            Temple (1/1) D:7            Lair (5/6) D:9
 Shoals (0/4) Lair:4        Snake (0/4) Lair:4          Orc (2/2) D:10
Volcano (visited)
  Slime: Lair:5-6       Elf: Orc:2       Vaults: D:13-14

Altars:
Ashenzari
Cheibriados
Dithmenos
Elyvilon
Fedhas
Gozag
Hepliaklqana
Kikubaaqudgha
Makhleb
Nemelex Xobeh
Okawaru
Qazlal
Ru
Sif Muna
Trog
Uskayaw
Vehumet
Wu Jian
Xom
Yredelemnul
Zin
The Shining One
Jiyva

Shops:
D:3 [   D:6 !   D:10 =

Portals:
Trove: D:11 (give +3 shadow dragon scales)

Annotations:
Lair:5 Dysowo's ghost, journeyman PaMo


Innate Abilities, Weirdness & Mutations

You have a pair of horns on your head.
You reflexively headbutt those who attack you in melee.
You tend to lose your temper in combat.
You are clumsy. (Dex -2)
You are robust. (+10% HP)
You are weak. (Str -2)


Message History

Found a viscous altar of Jiyva.
No reachable target in view!
Could not explore, unopened runed door.
No reachable target in view!
You open the gate. The acid blob spits acid at you.
The splash of acid misses you. The acid blob spits acid at you.
The splash of acid hits you! The acid corrodes you!
The acid blob attacks as you move away! The acid blob hits you!
The acid corrodes you!
You are splashed with acid!
The acid blob spits acid at you. The splash of acid misses you.
The splash of acid hits the plant!!
The acid corrodes the plant!
The plant begins to die.
The acid blob attacks as you move away! The acid blob hits you!
You are splashed with acid!
You block the acid blob's attack. The acid blob spits acid at you.
The splash of acid hits you!! The acid blob spits acid at you.
The splash of acid hits you! The acid corrodes you!
The acid blob spits acid at you. The splash of acid hits you!
* * * LOW HITPOINT WARNING * * *
A slime creature merges with something you can't see.
The acid blob spits acid at you. The splash of acid hits you!
* * * LOW HITPOINT WARNING * * *
The acid corrodes you! The acid blob spits acid at you.
The splash of acid hits you!
* * * LOW HITPOINT WARNING * * *
The acid corrodes you!
The azure jelly jiggles.
Blink to where?
Press: ? - help, Dir - move target
As you read the scroll of blinking, it crumbles to dust.
A nearby plant withers and dies.
The acid blob spits acid at you. The splash of acid hits you!!
You die...

### ### ### ###.# ### ####.####.#
##..##### #P## #.#........
##.....#.#######..## #..........
..........#........## #.#........
......#.....##..@...#####........
........#....+......#..#.........
.......####.##.....+..#..........
.......# ###P.....#P.###........
##.....####
##ยง.........+........
#...###...###....#.#.##.........
##.###...J.#JJJ.########.#.+..##
###)# ??..GJJJJ..# ####.### #...#
_[..JJJJ...# ##...###


You could see 5 acid blobs and an azure jelly.

Vanquished Creatures
  Gastronok (D:8)
  An orc warlord (Orc:2)
  Nessos (Orc:2)
  Azrael (Orc:2)
  Harold (D:11)
  10 hydras
  3 boulder beetles
  2 centaur warriors
  2 two-headed ogres
  A catoblepas (Lair:2)
  A death yak (Lair:3)
  2 orc high priests
  A fire crab (Volcano)
  A lindwurm (Volcano)
  A deep elf pyromancer (D:12)
  An orc knight (Orc:2)
  3 oklob plants
  5 ugly things
  2 orc sorcerers (Orc:2)
  5 slime creatures
  2 manticores
  A cyclops (D:12)
  6 elephants (Lair:2)
  3 black mambas
  15 cane toads
  A gargoyle (D:12)
  3 rime drakes
  Psyche (D:8)
  11 komodo dragons
  2 polar bears (Lair:4)
  2 hornets (D:10)
  Grinder (D:5)
  4 trolls
  A wind drake (Lair:4)
  33 blink frogs
  5 dream sheep (Lair:3)
  Sigmund (D:6)
  A wraith (D:12)
  A shadow (D:11)
  A culicivora (shapeshifter) (D:10)
  6 wyverns
  Eustachio (D:4)
  4 fire elementals (Orc:2)
  10 fire bats (Volcano)
  4 vampires
  5 basilisks
  60 yaks
  Grum (Lair:1)
  4 steam dragons
  6 wargs
  9 vampire mosquitoes
  3 nagas (Lair:4)
  Edmund (D:4)
  6 hell hounds
  8 water moccasins
  An ice beast (D:7)
  15 orc warriors
  2 sky beasts
  A black bear (D:7)
  The ghost of Shangti the Skirmisher, an amateur DrBe of Trog (D:4)
  3 ogres
  18 wolves
  7 centaurs
  2 kobold brigands
  A gnoll sergeant (D:9)
  11 bullfrogs
  A necrophage (D:6)
  2 scorpions (D:5)
  10 wights
  16 killer bees
  3 howler monkeys
  4 electric eels
  4 hounds
  10 orc priests
  A jelly (D:6)
  Crazy Yiuf (D:2)
  A gnoll shaman (D:7)
  3 iguanas
  Jessica (D:2)
  19 orc wizards
  12 gnolls
  6 adders
  A shadow imp (D:6)
  3 white imps
  A howler monkey simulacrum (D:10)
  2 ufetubi
  A worm (D:3)
  4 dart slugs
  55 orcs
  8 ball pythons
  9 bats
  9 endoplasms
  4 giant cockroaches
  10 goblins
  15 hobgoblins
  5 jackals
  2 quokkas
  5 frilled lizards
  18 kobolds
  5 rats
581 creatures vanquished.

Vanquished Creatures (others)
  A steam dragon (Volcano)
  An orc wizard (Orc:2)
  2 orcs (Orc:2)
  A kobold (D:9)
  18 fungi
  31 plants
54 creatures vanquished.

Grand Total: 635 creatures vanquished

Notes
Turn   | Place    | Note
-------+----------+-------------------------------------------
     0 | D:1      | Tocho the Minotaur Gladiator began the quest for the Orb.
     0 | D:1      | Reached XP level 1. HP: 18/18 MP: 0/0
     6 | D:1      | Noticed a hog
     6 | D:1      | Noticed a swamp worm
     7 | D:1      | Noticed a swamp drake
   115 | D:1      | Reached XP level 2. HP: 25/25 MP: 1/1
   365 | D:1      | Reached skill level 1 in Armour
   533 | D:1      | Reached XP level 3. HP: 28/30 MP: 2/2
   971 | D:2      | Reached skill level 5 in Polearms
  1184 | D:2      | Found a hide-covered altar of Uskayaw.
  1191 | D:2      | Reached XP level 4. HP: 37/37 MP: 3/3
  1235 | D:2      | Noticed Jessica
  1239 | D:2      | Killed Jessica
  1482 | D:2      | Found a runed translucent door.
  1483 | D:2      | Noticed Crazy Yiuf
  1539 | D:2      | Found a faded altar of an unknown god.
  1571 | D:2      | Killed Crazy Yiuf
  1572 | D:2      | Reached XP level 5. HP: 45/45 MP: 4/4
  2125 | D:3      | Found Uvvirph's Armour Shop.
  2630 | D:4      | Noticed Eustachio
  2636 | D:4      | Killed Eustachio
  2637 | D:4      | Reached XP level 6. HP: 51/51 MP: 5/5
  2791 | D:4      | Noticed Edmund
  2811 | D:4      | Killed Edmund
  3008 | D:4      | Found a runed translucent door.
  3070 | D:4      | Reached XP level 7. HP: 51/57 MP: 6/6
  3144 | D:4      | Noticed Shangti's ghost (amateur DrBe)
  3167 | D:4      | Killed Shangti's ghost
  3421 | D:5      | Entered Level 5 of the Dungeon
  3533 | D:5      | Identified the +8 long sword of Synant {venom, +Blink rF+
                  | Will+ Str+2}
  3566 | D:5      | Reached skill level 1 in Long Blades
  3583 | D:5      | Found an ancient bone altar of Kikubaaqudgha.
  3607 | D:5      | Reached skill level 3 in Long Blades
  3650 | D:5      | Noticed Grinder
  3662 | D:5      | Reached skill level 4 in Long Blades
  3666 | D:5      | Killed Grinder
  3667 | D:5      | Reached skill level 5 in Long Blades
  3667 | D:5      | Reached XP level 8. HP: 48/63 MP: 7/7
  3844 | D:5      | Reached skill level 6 in Long Blades
  4338 | D:6      | Found Wegret's Distillery.
  4346 | D:6      | Bought a potion of curing for 42 gold pieces
  4346 | D:6      | Bought a potion of mutation for 112 gold pieces
  4346 | D:6      | Bought a potion of haste for 140 gold pieces
  4346 | D:6      | Bought a potion of might for 56 gold pieces
  4370 | D:6      | Reached skill level 7 in Long Blades
  4400 | D:6      | Reached skill level 8 in Long Blades
  4454 | D:6      | Noticed Sigmund
  4459 | D:6      | Killed Sigmund
  4460 | D:6      | Reached skill level 9 in Long Blades
  4560 | D:6      | Reached skill level 10 in Long Blades
  4768 | D:6      | Reached XP level 9. HP: 57/70 MP: 8/8
  5095 | D:6      | Gained mutation: You are robust. (+10% HP) [potion of
                  | mutation]
  5156 | D:7      | Noticed a purple ugly thing
  5169 | D:7      | Killed a purple ugly thing
  5170 | D:7      | Reached skill level 11 in Long Blades
  5452 | D:7      | Found a staircase to the Ecumenical Temple.
  5489 | Temple   | Entered the Ecumenical Temple
  6009 | Temple   | Became a worshipper of Makhleb the Destroyer
  6341 | D:7      | Reached skill level 12 in Long Blades
  6755 | D:7      | Reached skill level 13 in Long Blades
  7179 | D:7      | Reached skill level 14 in Long Blades
  7277 | D:8      | Reached XP level 10. HP: 84/84 MP: 9/9
  7294 | D:8      | Noticed Psyche
  7303 | D:8      | Killed Psyche
  7303 | D:8      | Reached * piety under Makhleb
  7613 | D:8      | Reached skill level 15 in Long Blades
  7619 | D:8      | Noticed Gastronok
  7638 | D:8      | Killed Gastronok
  7639 | D:8      | Reached skill level 16 in Long Blades
  8657 | D:9      | Found a staircase to the Lair.
  8658 | D:9      | Noticed a two-headed ogre
  8665 | D:9      | Killed a two-headed ogre
  8674 | D:9      | Reached skill level 17 in Long Blades
  8867 | D:9      | Reached XP level 11. HP: 86/90 MP: 10/10
  9321 | D:10     | Entered Level 10 of the Dungeon
  9333 | D:9      | Reached ** piety under Makhleb
  9343 | D:10     | Reached skill level 18 in Long Blades
  9608 | D:10     | Found Moguwn's Jewellery Boutique.
  9690 | D:10     | Found a staircase to the Orcish Mines.
  9771 | D:10     | Noticed a cyan ugly thing
  9771 | D:10     | Noticed a green ugly thing
  9805 | D:10     | Noticed a boulder beetle
  9815 | D:10     | Noticed a centaur warrior
  9830 | D:10     | Reached skill level 5 in Fighting
  9836 | D:10     | Killed a centaur warrior
  9853 | D:10     | Killed a boulder beetle
  9853 | D:10     | Reached *** piety under Makhleb
  9870 | D:10     | Killed a cyan ugly thing
  9885 | D:10     | Killed a green ugly thing
 10437 | D:11     | Found an ornate altar of the Wu Jian Council.
 10500 | D:11     | Noticed an eight-headed hydra
 10568 | D:11     | Killed an 11-headed hydra
 10569 | D:11     | Reached skill level 5 in Armour
 11016 | D:11     | Noticed Harold
 11031 | D:11     | Killed Harold
 11050 | D:11     | Reached XP level 12. HP: 100/113 MP: 11/11
 11119 | D:11     | Noticed a centaur warrior
 11124 | D:11     | Killed a centaur warrior
 11529 | D:11     | Noticed a seven-headed hydra
 11667 | D:12     | Noticed a boulder beetle
 11680 | D:12     | Killed a boulder beetle
 12001 | D:12     | Reached skill level 10 in Fighting
 12197 | D:12     | Gained mutation: You tend to lose your temper in combat. [a
                  | neqoxec]
 12198 | D:12     | Gained mutation: You are weak. (Str -2) [a neqoxec]
 12202 | D:12     | Gained mutation: You are clumsy. (Dex -2) [a neqoxec]
 12238 | D:13     | Reached skill level 5 in Dodging
 12503 | D:13     | Noticed a five-headed hydra
 12503 | D:13     | Noticed a catoblepas
 12503 | D:13     | Noticed a centaur warrior
 13269 | D:12     | Found a shimmering blue altar of Sif Muna.
 13646 | D:11     | Found a portal to a secret trove of treasure.
 13979 | Lair:1   | Entered Level 1 of the Lair of Beasts
 14009 | Lair:1   | Identified the +3 flail of Infinity {chaos, rElec rPois
                  | Str+4}
 14043 | Lair:1   | Noticed a six-headed hydra
 14483 | Orc:1    | Entered Level 1 of the Orcish Mines
 14484 | Orc:1    | Noticed an orc high priest
 14496 | Orc:1    | Killed an orc high priest
 14506 | Orc:1    | Reached **** piety under Makhleb
 14694 | Orc:1    | Noticed a two-headed ogre
 14701 | Orc:1    | Killed a two-headed ogre
 14719 | Orc:1    | Reached skill level 5 in Maces & Flails
 15229 | Orc:2    | Entered Level 2 of the Orcish Mines
 15337 | Orc:2    | Noticed Nessos
 15365 | Orc:2    | Killed Nessos
 15658 | Orc:2    | Found a dark tunnel.
 15668 | Volcano  | Entered a volcano
 15712 | Volcano  | Reached XP level 13. HP: 95/127 MP: 12/12
 16014 | Orc:2    | Reached ***** piety under Makhleb
 16019 | Orc:2    | Noticed Azrael
 16083 | Orc:2    | Killed Azrael
 16084 | Orc:2    | Reached skill level 10 in Maces & Flails
 16982 | Orc:2    | Noticed an orc warlord
 17009 | Orc:2    | Killed an orc warlord
 17041 | Orc:2    | Noticed an orc warlord
 17389 | Lair:1   | Noticed Grum
 17406 | Lair:1   | Killed Grum
 18971 | Lair:2   | Reached skill level 1 in Invocations
 19686 | Lair:2   | Reached XP level 14. HP: 108/136 MP: 14/14
 19691 | Lair:2   | Reached ****** piety under Makhleb
 20831 | Lair:4   | Found a staircase to the Shoals.
 20964 | Lair:4   | Found a blossoming altar of Fedhas.
 21259 | Lair:4   | Found a staircase to the Snake Pit.
 21323 | Lair:4   | Reached skill level 5 in Invocations
 21519 | Lair:4   | Identified a scroll of acquirement
 21521 | Lair:4   | Acquired the +0 cloak "Sokud" {rC+ Slay+2}
 22047 | Lair:5   | Found a runed translucent gate.
 22224 | Lair:5   | Reached skill level 10 in Armour
 22746 | Lair:5   | Found a runed translucent gate.
 22746 | Lair:5   | Noticed an azure jelly
 22747 | Lair:5   | Found a runed translucent gate.
 22749 | Lair:5   | Noticed Dysowo's ghost (journeyman PaMo)
 22749 | Lair:5   | Noticed an azure jelly
 22750 | Lair:5   | Noticed an azure jelly
 22750 | Lair:5   | Noticed an azure jelly
 22972 | Lair:5   | Noticed an azure jelly
 23124 | Lair:5   | Noticed an acid blob
 23124 | Lair:5   | Noticed an acid blob
 23124 | Lair:5   | Noticed an acid blob
 23124 | Lair:5   | Noticed an azure jelly
 23124 | Lair:5   | Noticed an acid blob
 23126 | Lair:5   | Noticed an acid blob
 23127 | Lair:5   | Found a viscous altar of Jiyva.
 23133 | Lair:5   | Killed from afar by an acid blob

Illustrated notes

Levels and vault maps discovered:
D:1:      onia_arrival_zoo_common, layout_basic, minmay_close_crescents
D:2:      layout_loops_ring, basic_altar, shapermc_ecumenical_altar_ellora,
          minmay_circled_x, uniq_jessica, uniq_crazy_yiuf_cottage
D:3:      layout_loops_cross, serial_shops, shop, minmay_diced_spiral
D:4:      cheibrodos_thug_alley, layout_basic, ebering_ghost_reflecting_pool,
          uniq_edmund, uniq_eustachio
D:5:      layout_loops_ring, mainiacjoe_overflow_brackets, uniq_grinder
D:6:      layout_basic, serial_shops, shop, st_stairs_10, uniq_sigmund
D:7:      layout_gridville, minmay_temple_entry_gardened_gates,
          kennysheep_big_empty_room
D:8:      layout_rooms, uniq_gastronok, uniq_psyche
D:9:      layout_basic, david_lair_shrubbed, serial_curves, eino_curves_02,
          eino_curves_03, eino_curves_01
D:10:     layout_roguey, hiddenorc1_lemuel, serial_shops,
          nicolae_shop_temple_entry_statues_fountains,
          minmay_fractal_squares_gapless_7
D:11:     layout_loops_corners, enter_trove_2, nzn_wu_jian_council_hall,
          uniq_harold
D:12:     layout_irregular_city, kennysheep_orc_sif_temple
D:13:     layout_rooms
Temple:   mainiacjoe_temple_trianglar_array
Lair:1:   layout_regular_city, nicolae_lair_grove_arrangements, uniq_grum
Lair:2:   layout_chaotic_city, minmay_holes, chequers_serial_rivers_large_b,
          grunt_megastairs_4, serial_bayou_shore_b, lemuel_fruit_fields
Lair:3:   layout_big_grid, gauntlet_entry_generic,
          eino_small_chamber_without_monster, minmay_shattered_shrine,
          grunt_megastairs_3
Lair:4:   layout_regular_city, minmay_shoals_entry_beasts,
          minmay_snake_entry_guardpost_small, hangedman_tree_tricks
Lair:5:   layout_roguey, gammafunk_ghost_ooze, grunt_megastairs_5
Orc:1:    layout_diamond_mine, nicolae_orc_sculptors_studio
Orc:2:    grunt_orc_cross, layout_caves, lightli_volcano_entry_magma_tube,
          uniq_josephine, uniq_azrael, uniq_nessos

Skill      XL: |  1  2  3  4  5  6  7  8  9 10 11 12 13 14 |
---------------+-------------------------------------------+-----
Polearms       | 4 5 6 7 9 |  9.7
Armour         | 1 2 5 8 10 | 10.1
Fighting       | 3 8 11 14 | 14.0
Long Blades    | 5 10 14 17 18 | 18.3
Dodging        | 4 5 7 |  7.7
Throwing       | 3 |  3.2
Maces & Flails | 7 14 | 14.2
Invocations    | 1 5 |  5.6

Action                   |  1- 3 |  4- 6 |  7- 9 | 10-12 | 13-15 || total
-------------------------+-------+-------+-------+-------+-------++-------
Melee: Trident           |    94 |   109 |    27 |       |       ||   230
       Headbutt          |     6 |    10 |    34 |   154 |   206 ||   410
       Punch             |     1 |     1 |     2 |    10 |    13 ||    27
       Long sword        |       |       |   184 |   527 |   667 ||  1378
       Flail             |       |       |       |    71 |       ||    71
       Great sword       |       |       |       |       |   174 ||   174
Throw: Throwing net      |       |       |       |     9 |       ||     9
       Javelin           |       |       |       |     2 |       ||     2
       Dart              |       |       |       |    11 |       ||    11
Invok: Minor Destruction |       |       |       |    10 |       ||    10
       Lesser Servant of |       |       |       |     1 |       ||     1
 Abil: Evoke Blink       |       |       |       |       |     2 ||     2
Evoke: Wand              |       |       |       |    13 |       ||    13
  Use: Scroll            |     4 |     6 |     8 |     5 |    14 ||    37
       Potion            |       |       |     2 |    10 |     9 ||    21
 Stab: Held in net/web   |       |       |       |     5 |       ||     5
       Petrified         |       |       |       |     3 |     1 ||     4
       Petrifying        |       |       |       |       |     1 ||     1
Armor: Leather armour    |     1 |       |       |       |       ||     1
       Chain mail        |    19 |    11 |       |       |       ||    30
       Ring mail         |       |     3 |       |       |       ||     3
       Scale mail        |       |     4 |    82 |   249 |   318 ||   653
Dodge: Dodged            |    29 |    46 |   132 |   388 |   615 ||  1210
Block: Other             |       |     9 |    46 |   140 |   182 ||   377
       Reflection        |       |     2 |     1 |    12 |     1 ||    16

Table legend: (Time is in decaauts)
 A = Elapsed time spent in this place.
 B = Non-inter-level travel time spent in this place.
 C = Inter-level travel time spent in this place.
 D = Time resting spent in this place.
 E = Time spent auto-exploring this place.
 F = Levels seen in this place.
 G = Mean time per level.
                   A        B        C        D        E       F      G
               +--------+--------+--------+--------+--------+-----+--------+
         Total |  22850 |  21356 |   1494 |    895 |  16505 |  22 | 1038.6 |
       Dungeon |  13942 |  12877 |   1065 |    339 |  10340 |  13 | 1072.5 |
        Temple |    552 |    361 |    191 |      0 |    354 |   1 |  552.0 |
          Lair |   5793 |   5625 |    168 |    488 |   4057 |   5 | 1158.6 |
  Orcish Mines |   2438 |   2368 |     70 |     68 |   1754 |   2 | 1219.0 |
       Volcano |    122 |    122 |      0 |      0 |      0 |   1 |  122.0 |
               +--------+--------+--------+--------+--------+-----+--------+

Top non-repeatable levels by time:
     D:9: 1809 daAuts
    D:11: 1647 daAuts
     D:7: 1511 daAuts
    D:12: 1489 daAuts
  Lair:1: 1436 daAuts
   Orc:1: 1297 daAuts
    D:10: 1270 daAuts
  Lair:4: 1192 daAuts
   Orc:2: 1141 daAuts
     D:2: 1092 daAuts
  Lair:3: 1075 daAuts
  Lair:5: 1071 daAuts
  Lair:2: 1018 daAuts
     D:6: 976 daAuts
     D:1: 864 daAuts
